 Dungeon Crawl Stone Soup version 0.17-a0-1078-g243345b (webtiles) character file.

515 RobertPalmer the Carver (level 7, -4/62 HPs)
             Began as a Naga Chaos Knight on May 19, 2015.
             Killed from afar by an orc wizard (20 damage)
             ... with a wand of cold
             ... on level 4 of the Dungeon.
             The game lasted 00:06:54 (3828 turns).

RobertPalmer the Carver (Naga Chaos Knight)         Turns: 3828, Time: 00:06:54

Health: -4/62      AC:  9    Str: 15    XL:     7   Next: 20%
Magic:  16/16      EV:  9    Int: 14    God:    Xom [....*.]
Gold:   361        SH:  0    Dex: 13    Spells: 0 memorised, 6 levels left

rFire  . . .     SeeInvis +     a - +0 falchion (chaos)
rCold  . . .     Rnd*Rage +     b - +2 leather armour
rNeg   . . .     SustAb   .     (no shield)
rPois  +         Gourm    .     (no helmet)
rElec  .         Spirit   .     (no cloak)
rCorr  .         Warding  .     f - +2 pair of gloves
rMut   .         Stasis   .     (no barding)
MR     .....                    (no amulet)
Stlth  +.........               n - ring of magical power {MP+9}
                                g - +3 ring of dexterity

@: very slow, not resistant to hostile enchantments, very unstealthy
A: fangs 1, see invisible, berserk 1, deformed body, poison resistance, slowness
2, slow metabolism 1, spit poison 2, no device heal 1, AC +2
a: Spit Poison, Renounce Religion


You were on level 4 of the Dungeon.
You worshipped Xom.
You were a beloved toy of Xom.
You were not hungry.

You visited 1 branch of the dungeon, and saw 4 of its levels.

You collected 361 gold pieces.

Inventory:

Hand weapons
 a - a +0 falchion of chaos (weapon)
Armour
 b - a +2 leather armour (worn)
 f - a +2 pair of gloves (worn)
   (You found it on level 1 of the Dungeon)
Jewellery
 g - a +3 ring of dexterity (left hand)
   (Xom gifted it to you on level 3 of the Dungeon)
 n - a ring of magical power (right hand) {MP+9}
   (You found it on level 4 of the Dungeon)
Magical devices
 e - a wand of magic darts (28)
   (You found it on level 3 of the Dungeon)
Scrolls
 d - a scroll of identify
 l - 2 scrolls of remove curse
 m - a scroll of recharging
Potions
 h - 2 potions of brilliance
 i - a potion of flight
Comestibles
 c - 4 bread rations {@e1}
 j - a meat ration {@e2}
 k - a beef jerky


   Skills:
 - Level 3.0 Fighting
 + Level 8.0 Long Blades
 - Level 1.5 Armour
 - Level 0.7 Dodging


You had 6 spell levels left.
You didn't know any spells.

Dungeon Overview and Level Annotations

Branches:
Dungeon (4/15)
 Temple: D:4-7

Altars:
Ashenzari
Gozag
Makhleb
Xom


Innate Abilities, Weirdness & Mutations

You cannot wear boots.
Your serpentine skin is tough (AC +2).
You have supernaturally acute eyesight.
Armour fits poorly on your strangely shaped body.
Your system is resistant to poisons.
You cover ground very slowly.
You have a slow metabolism.
You can spit poison.
You have very sharp teeth.
You tend to lose your temper in combat.
Potions and wands are less effective at restoring your health.


Message History

You slash the adder skeleton!
You destroy the adder skeleton!
You barely miss the orc.
Your shadow imp hits the orc.
The orc barely misses you.
You hit the orc.
The orc is poisoned.
Your shadow imp barely misses the orc.
The orc barely misses you.
You hit the orc.
Your shadow imp hits the orc but does no damage.
The orc misses you.
You hit the orc but do no damage.
The orc flickers and vanishes for a moment.
You kill the orc!
Items here: ) [[ †† a flail; a chain mail; a leather armour; an orc corpse; an orc corpse You butcher the orc corpse.
p - a chunk of flesh {@w0}
Items here: ) [[ ÷ † a flail; a chain mail; a leather armour; an orc skeleton; an orc corpse Eating a chunk of flesh {@w0}.
You continue eating. x2
Things that are here:
a dagger; a robe You swap places.
Things that are here:
a mace; an orc corpse You found a teleport trap!
You swap places.
You now have 349 gold pieces (gained 11).
Found a stone staircase leading down.
You regained 5 hp, and now have 52/62 hp.
An adder comes into view.
An adder is nearby!
An adder is nearby!
An adder is nearby!
The adder bites you but does no damage. The adder completely misses you.
You closely miss the adder. The adder barely misses you.
You barely miss the adder. The adder closely misses you.
Your shadow imp misses the adder.
The adder bites you but does no damage.
You closely miss the adder. The adder barely misses you.
Your shadow imp hits the adder.
You closely miss the adder. The adder bites you but does no damage.
Your shadow imp hits the adder.
You hit the adder.
You kill the adder!
No target in view!
No target in view!
You now have 361 gold pieces (gained 12).
An orc wizard comes into view. It is wielding a dagger.
You swap places.
An orc wizard is nearby!
An orc wizard is nearby!
An orc wizard is nearby!
The orc wizard zaps a wand.
The bolt of cold hits you!
It is a wand of cold.
You take 18 damage, and have 37/62 hp.
MASSIVE DAMAGE!!
You are too injured to fight recklessly!
You are too injured to fight recklessly!
You are too injured to fight recklessly!
Unknown command.
An orc comes into view.
It is wielding an enchanted short sword.
The orc shouts!
The orc wizard zaps a wand.
The bolt of cold misses you.
An orc priest comes into view. It is wielding a short sword.
The orc wizard zaps a wand.
The bolt of cold hits you!
An orc comes into view. It is wielding a war axe.
You take 7 damage, and have 30/62 hp.
The orc wizard zaps a wand.
The bolt of cold hits you!
Your shadow imp hits the orc wizard.
You take 11 damage, and have 19/62 hp.
The orc wizard zaps a wand.
The bolt of cold misses you.
Your shadow imp closely misses the orc wizard.
Drink which item? (? for menu, Esc to quit)
Okay, then.
Read which item? (? for menu, Esc to quit)
Okay, then.
Okay, then.
Read which item? (? for menu, Esc to quit)
As you read the scroll labeled CEALOS WIGOE, it crumbles to dust.
You feel aware of your surroundings.
It was a scroll of magic mapping.
The orc throws a tomahawk.
The tomahawk closely misses you.
The orc wizard points at you and mumbles some strange words.
The magic dart hits you!
* * * LOW HITPOINT WARNING * * *
Your shadow imp misses the orc wizard.
A rat comes into view.
You take 4 damage, and have 15/62 hp.
Unknown command.
The orc wizard mumbles some strange words.
The orc wizard flickers and vanishes for a moment.
Your shadow imp hits the orc wizard.
Your shadow imp closely misses the orc wizard.
The rat barely misses your shadow imp.
The orc priest glows brightly for a moment.
The orc wizard zaps a wand.
The bolt of cold hits the orc.
The bolt of cold hits you!
You die...

*,..........,?...##.*#.###......
*,.........**.##....##.#####..).
**,.......†###.#**#..............
,,....o.....#..# ##....#####...†
,,(...........## #......# #....
,,[..........## *##.##)).# ##...
,*..........## *...*#.#)# ##..
,#.......r.o#####.#**#.#.# ###
,#.........5o(o.@.# #.#.# ####
,#..........####### #.#.#####...
,#.........## ###.#.......##
*#........## **#†<.)..#######
*#........########...#.##.######.
*#...............................
##........############.#######...
#.........# #.# #.)# ..(.......##
#.# #####..#


You could see an orc priest, an orc wizard (invisible), an orc, a rat and a
friendly shadow imp.

Vanquished Creatures
  2 orc wizards (D:4)
  Ijyb (D:2)
  A hound (D:2)
  Terence (D:2)
  Natasha (D:2)
  3 orc priests
  A worker ant (D:4)
  4 adders
  An ooze (D:3)
  2 worms (D:3)
  An adder skeleton (D:4)
  2 giant geckos (D:3)
  10 orcs
  10 bats
  A bat skeleton (D:4)
  4 giant cockroaches
  15 goblins
  8 hobgoblins
  2 jackals (D:1)
  9 kobolds
  2 quokkas
  8 giant newts
  7 rats
96 creatures vanquished.

Vanquished Creatures (collateral kills)
  Sigmund (D:2)
  An adder (D:2)
  3 orcs (D:4)
  A hobgoblin (D:2)
  A giant newt (D:4)
7 creatures vanquished.

Grand Total: 103 creatures vanquished

Notes
Turn   | Place    | Note
--------------------------------------------------------------
     0 | D:1      | RobertPalmer the Naga Chaos Knight began the quest for the Orb.
     0 | D:1      | Reached XP level 1. HP: 21/21 MP: 1/1
   203 | D:1      | XOM is BORED!
   203 | D:1      | XOM: harmless Erth miscast
   242 | D:1      | Reached XP level 2. HP: 14/28 MP: 2/2
   297 | D:1      | XOM: chaos upgrade
   737 | D:1      | XOM: stat loss: -1 Str (13/14)
   785 | D:1      | XOM: enchant monster (bad)
   790 | D:1      | HP: 7/28 [jackal (1)]
   793 | D:1      | HP: 3/28 [rat (1)]
   797 | D:1      | HP: 1/28 [rat (1)]
   813 | D:1      | XOM: colour smoke trail
  1224 | D:1      | Reached skill level 4 in Long Blades
  1243 | D:1      | HP: 4/28 [kobold/club (4)]
  1249 | D:1      | Reached XP level 3. HP: 6/34 MP: 3/3
  1285 | D:1      | XOM: scenery: 2 doors close
  1401 | D:1      | XOM: smoke on damage
  1449 | D:1      | XOM: divination: detect creatures
  1555 | D:1      | XOM: scenery: create altars
  1744 | D:1      | XOM: god gift: 19 arrows of flame
  1922 | D:2      | Noticed Terence
  1928 | D:2      | Gained mutation: You tend to lose your temper in combat. [potion of mutation]
  1928 | D:2      | Gained mutation: You have very sharp teeth. [potion of mutation]
  1928 | D:2      | Gained mutation: Potions and wands are less effective at restoring your health. [potion of mutation]
  1932 | D:2      | Killed Terence
  1932 | D:2      | Reached XP level 4. HP: 38/42 MP: 4/4
  2027 | D:2      | Noticed Ijyb
  2042 | D:2      | Killed Ijyb
  2042 | D:2      | Reached skill level 5 in Long Blades
  2067 | D:2      | Noticed Sigmund
  2072 | D:2      | Killed Sigmund
  2072 | D:2      | Reached skill level 6 in Long Blades
  2072 | D:2      | Reached XP level 5. HP: 49/49 MP: 5/5
  2348 | D:2      | Found a burning altar of Makhleb.
  2366 | D:2      | Reached XP level 6. HP: 53/56 MP: 6/6
  2444 | D:2      | Noticed Natasha
  2451 | D:2      | Killed Natasha
  2744 | D:3      | Found an opulent altar of Gozag.
  2780 | D:3      | Found a shattered altar of Ashenzari.
  2876 | D:3      | XOM: vitrification
  3049 | D:3      | XOM: god gift: 230 gold pieces
  3068 | D:3      | Reached skill level 7 in Long Blades
  3466 | D:3      | XOM: god gift: scratched coral ring {god gift}
  3635 | D:4      | XOM: confuse monster(s)
  3753 | D:4      | XOM: summons friendly shadow imp
  3761 | D:4      | Reached XP level 7. HP: 47/62 MP: 7/7
  3766 | D:4      | Reached skill level 8 in Long Blades
  3825 | D:4      | HP: 15/62 [orc wizard/magic dart (4)]
  3828 | D:4      | Killed from afar by an orc wizard

Vault maps used:
D:1:      onia_arrival_mini_spirals, minmay_newt_pond
D:2:      makhleb_blood_cavern_becter, uniq_sigmund, uniq_iyjb, uniq_terence,
          uniq_natasha
D:3:      overflow_temple_1_default, nicolae_gozag_seed_capital,
          minmay_quantized
D:4:      first_bread

Action                   |  1- 3 |  4- 6 |  7- 9 || total
-------------------------+-------+-------+-------++-------
Melee: Falchion          |   129 |   168 |    19 ||   316
 Abil: Spit Poison       |     1 |     2 |       ||     3
  Use: Scroll            |     4 |     7 |     1 ||    12
       Potion            |     1 |     4 |       ||     5
 Stab: Confused          |       |     5 |       ||     5
       Paralysed         |       |     1 |       ||     1
  Eat: Chunk             |     2 |     7 |     1 ||    10

Vault maps used:
D:1:      onia_arrival_mini_spirals, minmay_newt_pond
D:2:      makhleb_blood_cavern_becter, uniq_sigmund, uniq_iyjb, uniq_terence,
          uniq_natasha
D:3:      overflow_temple_1_default, nicolae_gozag_seed_capital,
          minmay_quantized
D:4:      first_bread

Table legend:
 A = Turns spent in this place as a percentage of turns spent in the entire game.
 B = Non-inter-level travel turns spent in this place as a percentage of non-inter-level travel turns spent in the entire game.
 C = Inter-level travel turns spent in this place as a percentage of turns spent in this place.
 D = Turns resting spent in this place as a percentage of non-inter-level travel turns spent in this place.
 E = Turns spent auto-exploring this place as a percentage of non-inter-level travel turns spent in this place.
 F = Non-inter-level travel turns spent in this place divided by the number of levels of this place that you've seen.
                   A       B       C       D       E      F
               +-------+-------+-------+-------+-------+----------------------
         Total | 100.0 | 100.0 |   0.3 |   1.7 |  11.4 | 289.0
       Dungeon | 100.0 | 100.0 |   0.3 |   1.7 |  11.4 | 289.0
               +-------+-------+-------+-------+-------+----------------------

Table legend:
 A = Kills in this place as a percentage of kills in entire the game.
 B = Kills by you in this place as a percentage of kills by you in the entire game.
 C = Kills by friends in this place as a percentage of kills by friends in the entire game.
 D = Other kills in this place as a percentage of other kills in the entire game.
 E = Experience gained in this place as a percentage of experience gained in the entire game.
 F = Experience gained in this place divided by the number of levels of this place that you have seen.
                   A       B       C       D       E      F
               +-------+-------+-------+-------+-------+----------------------
         Total | 100.0 | 100.0 | 100.0 |  -nan | 100.0 | 184.2
       Dungeon | 100.0 | 100.0 | 100.0 |  -nan | 100.0 | 184.2
               +-------+-------+-------+-------+-------+----------------------
